 Dungeon Crawl Stone Soup version 0.24.0-37-gcf1ca852f1 (webtiles) character file.

Game seed: 7827446140715998554, levelgen mode: deterministic

91 Delamore the Chopper (level 4, 0/39 HPs)
             Began as a Hill Orc Fighter on Nov 30, 2019.
             Succumbed to an orc's poison
             ... on level 3 of the Dungeon.
             The game lasted 00:02:04 (1675 turns).

Delamore the Chopper (Hill Orc Fighter)             Turns: 1675, Time: 00:02:06

Health: 0/39       AC:  8    Str: 19    XL:     4   Next: 57%
Magic:  4/4        EV:  7    Int:  8    God:
Gold:   147        SH:  9    Dex: 10    Spells: 3/3 levels left

rFire    . . .     SeeInvis .   a - +0 war axe
rCold    . . .     Gourm    .   c - +0 shield
rNeg     . . .     Faith    .   b - +0 scale mail
rPois    .         Spirit   .   g - +0 helmet
rElec    .         Reflect  .   (no cloak)
rCorr    .         Harm     .   (no gloves)
MR       .....                  (no boots)
Stlth    ..........             (no amulet)
HPRegen  0.13/turn              (no ring)
MPRegen  0.09/turn              (no ring)

@: lethally poisoned (0 -> -8)
A: no striking features
a: no special abilities


You were on level 3 of the Dungeon.
You were not hungry.

You visited 1 branch of the dungeon, and saw 3 of its levels.

You collected 147 gold pieces.

Inventory:

Hand Weapons
 a - a +0 war axe (weapon)
Missiles
 l - 7 silver boomerangs (quivered)
Armour
 b - a +0 scale mail (worn)
 c - a +0 shield (worn)
 g - a +0 helmet (worn)
Jewellery
 p - an uncursed ring of poison resistance {unknown}
 q - a +4 ring of dexterity {unknown}
Scrolls
 e - a scroll of amnesia {unknown}
 h - 4 scrolls of identify {unknown}
 j - a scroll of magic mapping {unknown}
 m - a scroll of teleportation {unknown}
 n - 2 scrolls of remove curse {unknown}
 r - a scroll of noise {unknown}
Potions
 d - 2 potions of might
 i - 2 potions of lignification
 t - a potion of curing {unknown}
Comestibles
 f - 2 rations
 s - 4 chunks of flesh


   Skills:
 - Level 3.6 Fighting
 + Level 6.2 Axes
 - Level 3.2 Armour
 - Level 3.2 Shields


You had 3 spell levels left.
You didn't know any spells.
Your spell library was empty.

Dungeon Overview and Level Annotations

Branches:
Dungeon (3/15)

Altars:
Ashenzari
Cheibriados
Uskayaw


Message History

You miss the adder.
The adder is heavily wounded.
* * * LOW HITPOINT WARNING * * *
You feel sick. You block the adder's attack. x2
It was a potion of lignification.
You turn into a tree.
Your +0 helmet melds into your body.
Your +0 scale mail melds into your body.
Your roots penetrate the ground.
* * * LOW HITPOINT WARNING * * *
You feel sick. You block the adder's attack.
It was a potion of flight.
Your roots keep you in place.
* * * LOW HITPOINT WARNING * * *
You feel sick. The adder bites you but does no damage.
It was a potion of cancellation.
Your magical effects are unravelling.
You feel magically purged.
You feel less wooden.
Your +0 helmet unmelds from your body.
Your +0 scale mail unmelds from your body.
You die...

##....#...#
###..........
###............
#.<.............
..##.........$..
##............. ...
...#.#..)S).#
...........)@.######
## ..
.......)#..#...##.. #.
##......##.........
#?###......##.........
#.....................
#.........##.........
##.......#####........
#.........).......##..
##.......รท....[.#..#


You could see an adder.

Vanquished Creatures
  An adder (D:2)
  2 worms (D:2)
  2 dart slugs (D:2)
  A leopard gecko (D:3)
  6 orcs (D:3)
  5 giant cockroaches
  7 goblins
  11 hobgoblins
  A quokka (D:3)
  8 bats
  2 frilled lizards
  6 kobolds
  9 rats
61 creatures vanquished.

Notes
Turn   | Place    | Note
-------+----------+-------------------------------------------
     0 | D:1      | Delamore the Hill Orc Fighter began the quest for the Orb.
     0 | D:1      | Reached XP level 1. HP: 19/19 MP: 1/1
    32 | D:1      | Reached skill level 3 in Axes
    96 | D:1      | Reached XP level 2. HP: 26/26 MP: 2/2
   187 | D:1      | Reached skill level 4 in Axes
   598 | D:1      | Reached XP level 3. HP: 28/31 MP: 3/3
   860 | D:2      | Reached skill level 5 in Axes
   888 | D:2      | Found a shattered altar of Ashenzari.
   888 | D:2      | Found a hide-covered altar of Uskayaw.
   888 | D:2      | Found a snail-covered altar of Cheibriados.
  1251 | D:2      | Reached XP level 4. HP: 33/39 MP: 4/4
  1659 | D:3      | Reached skill level 6 in Axes
  1673 | D:3      | HP: 2/58 [poisoned by an orc]
  1675 | D:3      | Succumbed to an orc's poison

Levels and vault maps discovered:
D:1:      erik_arrival_triangle_small, layout_loops_ring, minmay_tromino_i2
D:2:      minmay_inner_zag, layout_basic, gammafunk_temple_overflow_forgotten
D:3:      layout_rooms, lemuel_crystal_altar

Skill      XL: |  1  2  3  4 |
---------------+-------------+-----
Axes           | 3 4 5 6 |  6.2
Fighting       | |  3.6
Armour         | |  3.2
Shields        | |  3.2

Action                   |  1- 3 |  4- 6 || total
-------------------------+-------+-------++-------
Melee: War axe           |   118 |    32 ||   150
  Use: Potion            |       |     3 ||     3
  Eat: Chunk             |     1 |     2 ||     3
Armor: Scale mail        |    49 |    21 ||    70
       Skin              |       |     1 ||     1
Dodge: Dodged            |    51 |    15 ||    66
Block: Shield            |    58 |    26 ||    84
